 Dungeon Crawl Stone Soup version 0.29.1-12-g30fa7ad0bf (webtiles) character file.

Game seed: 2076315264833924138

210 mandoloar the Conjurer (level 5, -3/28 HPs)
             Began as a Deep Elf Conjurer on Dec 20, 2022.
             Slain by Edmund
             ... wielding a +1 flail of protection
              (10 damage)
             ... on level 4 of the Dungeon.
             The game lasted 00:11:46 (3860 turns).

mandoloar the Conjurer (Deep Elf Conjurer)          Turns: 3860, Time: 00:11:47

Health: -3/28      AC:  4    Str:  3 (4)  XL:     5   Next: 57%
Magic:  5/14       EV: 11    Int: 25      God:
Gold:   125        SH:  0    Dex: 12 (13) Spells: 10/13 levels left

rFire   + . .      SeeInvis .   k - staff of fire
rCold   . . .      Faith    .   (no shield)
rNeg    . . .      Spirit   .   f - +0 leather armour
rPois   .          Reflect  .   (no helmet)
rElec   .          Harm     .   j - +0 cloak
rCorr   .          Rampage  .   (no gloves)
Will    .....                   (no boots)
Stlth   ++........              (no amulet)
HPRegen 0.09/turn               (no ring)
MPRegen 0.14/turn               (no ring)

@: no status effects
A: no striking features
a: no special abilities


You were on level 4 of the Dungeon.
You visited 1 branch of the dungeon, and saw 4 of its levels.

You collected 125 gold pieces.

Inventory:

Hand Weapons
 s - a +6 dagger of speed
Armour
 f - a +0 leather armour (worn)
 j - a +0 cloak (worn)
Magical Staves
 k - a staff of fire (weapon)
Jewellery
 c - a ring of see invisible
Scrolls
 d - a scroll of silence {unknown}
 e - a scroll of identify
 h - a scroll of enchant armour
 i - a scroll of noise {unknown}
 p - a scroll of teleportation
 q - 3 scrolls of vulnerability {unknown}
Potions
 a - 2 potions of degeneration
 b - a potion of magic
 g - a potion of might
 l - 2 potions of mutation {unknown}
 m - a potion of brilliance {unknown}
 n - a potion of curing {unknown}
 o - a potion of lignification {unknown}
 r - a potion of heal wounds {unknown}


   Skills:
 + Level 4.0 Dodging
 + Level 4.3 Stealth
 + Level 4.7 Spellcasting
 + Level 5.3 Conjurations


You had 10 spell levels left.
You knew the following spells:

 Your Spells              Type           Power      Damage    Failure   Level
a - Magic Dart            Conj           100%       1d8       1%          1
b - Searing Ray           Conj           64%        2d6       2%          2

Your spell library contained the following spells:

 Spells                   Type           Power      Damage    Failure   Level
 Dazzling Flash           Conj/Hex       38%        N/A       17%         3
 Ozocubu's Armour         Ice            5%         N/A       45%         3
 Fulminant Prism          Conj/Hex       9%         3d7       50%         4
 Iskenderun's Mystic Bla  Conj/Tloc      19%        2d6       50%         4
 Ozocubu's Refrigeration  Ice            2%         4d8       100%        7


Dungeon Overview and Level Annotations

Branches:
Dungeon (4/15)
 Temple: D:4-7

Altars:
Fedhas
Kikubaaqudgha
Nemelex Xobeh
Okawaru
Uskayaw

Shops:
D:2 *??!:

Annotations:
D:4 Edmund


Message History

Casting: Magic Dart (safe; 1% risk of failure)
Confirm with . or Enter, or press ? or * to list all spells.
Aiming: Searing Ray (safe; 2% risk of failure)
Press: ? - help, Shift-Dir - straight line, f/p - Edmund
Aim: Edmund, wielding a +1 flail of protection and wearing a +2 scale mail of fire resistance (lightly wounded, 83% to hit)
The searing ray hits Edmund but does no damage.
Edmund is lightly wounded. (Press . to maintain the ray.)
The searing ray hits Edmund.
Edmund is lightly wounded.
The searing ray hits Edmund.
Edmund is moderately wounded.
The searing ray hits Edmund but does no damage.
Edmund is moderately wounded.
You finish channelling your searing ray.
Edmund barely misses you.
Casting: Searing Ray (safe; 2% risk of failure)
Confirm with . or Enter, or press ? or * to list all spells.
Aiming: Searing Ray (safe; 2% risk of failure)
Press: ? - help, Shift-Dir - straight line, f/p - Edmund
Aim: Edmund, wielding a +1 flail of protection and wearing a +2 scale mail of fire resistance (moderately wounded, 83% to hit)
The searing ray hits Edmund but does no damage.
Edmund is moderately wounded. (Press . to maintain the ray.) Edmund hits you but does no damage.
The searing ray hits Edmund but does no damage.
Edmund is moderately wounded.
Edmund says, "People accused me of being a cutpurse!"
Edmund hits you with a +1 flail of protection!
The searing ray hits Edmund!
Edmund is heavily wounded.
Edmund barely misses you.
The searing ray hits Edmund.
Edmund is heavily wounded.
You finish channelling your searing ray.
Edmund hits you with a +1 flail of protection!
* * * LOW HITPOINT WARNING * * *
Edmund attacks as you move away!
Edmund hits you with a +1 flail of protection!
You die...

#.#....####
######.#.#######
.................
#..##...@.#######
....>#.....##<#######
.#.....#..###.......#
##.......# #.###.###
#.##....#######.#
#.#.......@@....# #
#..############ #..
#.. ##


You could see Edmund.

Vanquished Creatures
  An ice beast (D:3)
  An orc wizard (D:3)
  3 adders
  A worm (D:3)
  A dart slug (D:2)
  5 orcs
  3 ball pythons
  4 endoplasms
  2 giant cockroaches
  5 hobgoblins
  6 jackals (D:3)
  A quokka (D:1)
  7 bats
  6 frilled lizards
  6 kobolds
  4 rats
56 creatures vanquished.

Vanquished Creatures (others)
  2 plants (D:3)
2 creatures vanquished.

Grand Total: 58 creatures vanquished

Notes
Turn   | Place    | Note
-------+----------+-------------------------------------------
     0 | D:1      | mandoloar the Deep Elf Conjurer began the quest for the
                  | Orb.
     0 | D:1      | Reached XP level 1. HP: 10/10 MP: 6/6
   247 | D:1      | Reached XP level 2. HP: 15/15 MP: 4/8
   250 | D:1      | Learned a level 2 spell: Searing Ray
  1191 | D:2      | Found a faded altar of an unknown god.
  1198 | D:2      | Found Heczupp's Magic Scroll Shoppe.
  1416 | D:2      | Found Koagicas's Distillery.
  1432 | D:2      | Reached XP level 3. HP: 19/19 MP: 6/10
  1475 | D:2      | Found Fyblae's Magic Scroll Boutique.
  1726 | D:2      | Found Mefo's Assorted Antiques.
  1787 | D:2      | Found Ruprikho's Book Shop.
  2203 | D:3      | Found an ancient bone altar of Kikubaaqudgha.
  2206 | D:3      | Found a blossoming altar of Fedhas.
  2207 | D:3      | Found a hide-covered altar of Uskayaw.
  2217 | D:3      | Noticed an ice beast
  2320 | D:2      | Reached XP level 4. HP: 6/24 MP: 1/11
  2714 | D:3      | Killed an ice beast
  2715 | D:3      | Reached skill level 5 in Conjurations
  2715 | D:3      | Reached XP level 5. HP: 28/28 MP: 2/13
  2803 | D:3      | Found an iron altar of Okawaru.
  3621 | D:3      | Found a sparkling altar of Nemelex Xobeh.
  3829 | D:4      | Noticed Edmund
  3860 | D:4      | Slain by Edmund

Illustrated notes

Levels and vault maps discovered:
D:1:      minmay_arrival_wavy_path, layout_basic
D:2:      layout_rooms, serial_shops, nicolae_shop_window_shopping,
          nicolae_shop_window_shopping, nicolae_square_shop,
          nicolae_shop_hallway_stairs, shop_statue,
          ebering_ecumenical_altar_mist
D:3:      layout_basic, mainiacjoe_overflow_tiny_flanked,
          grunt_temple_overflow_open
D:4:      layout_basic, hangedman_decor_clover_reticule, uniq_edmund

Skill      XL: |  1  2  3  4  5 |
---------------+----------------+-----
Stealth        | 3 4 |  4.3
Dodging        | 3 4 |  4.0
Spellcasting   | 4 |  4.7
Conjurations   | 5 |  5.3

Action                   |  1- 3 |  4- 6 || total
-------------------------+-------+-------++-------
Melee: Staff             |       |     1 ||     1
 Cast: Magic Dart        |    26 |     3 ||    29
       Searing Ray       |    25 |    14 ||    39
  Use: Scroll            |     2 |       ||     2
       Potion            |     2 |       ||     2
Armor: Leather armour    |     2 |     4 ||     6
Dodge: Dodged            |    12 |     5 ||    17
